 Dungeon Crawl Stone Soup version 0.22.1-1-ga44c0e5 (webtiles) character file.

35 Zebedee the Digger (level 3, -1/19 HPs)
             Began as a Gargoyle Earth Elementalist on Oct 2, 2018.
             Killed from afar by a dart slug (2 damage)
             ... with a slug dart
             ... on level 2 of the Dungeon.
             The game lasted 00:03:47 (1416 turns).

Zebedee the Digger (Gargoyle Earth Elementalist)    Turns: 1416, Time: 00:03:47

Health: -1/19      AC:  9    Str: 12    XL:     3   Next: 35%
Magic:  0/6        EV: 10    Int: 15    God:
Gold:   69         SH:  0    Dex: 13    Spells: 4/7 levels left

rFire    . . .     SeeInvis .   f - +0 club
rCold    . . .     Gourm    .   (no shield)
rNeg     + . .     Faith    .   a - +0 ring mail
rPois    ∞         Spirit   .   (no helmet)
rElec    +         Reflect  .   (no cloak)
rCorr    .         Harm     .   i - +0 pair of gloves {Dex+3}
MR       .....                  (no boots)
Stlth    +.........             (no amulet)
HPRegen  0.06/turn              (no ring)
MPRegen  0.10/turn              (no ring)

@: very slightly contaminated
A: negative energy resistance 1, electricity resistance, unbreathing,
petrification resistance, rot immunity, AC +3
a: no special abilities


You were on level 2 of the Dungeon.
You were not hungry.

You visited 1 branch of the dungeon, and saw 2 of its levels.

You collected 69 gold pieces.

Inventory:

Hand Weapons
 f - a +0 club (weapon)
 l - a +0 dagger of speed
Missiles
 b - 15 stones (quivered)
Armour
 a - a +0 ring mail (worn)
 c - a +0 robe
 i - a +0 pair of gloves of dexterity (worn)
Scrolls
 j - a scroll of identify {unknown}
 k - 2 scrolls of teleportation {unknown}
Potions
 e - a potion of heal wounds {unknown}
 g - a potion of lignification {unknown}
 m - a potion of degeneration {unknown}
Comestibles
 d - a ration


   Skills:
 + Level 0.2 Fighting
 + Level 0.8 Maces & Flails
 + Level 1.0 Armour
 - Level 1.5 Dodging
 - Level 2.1 Stealth
 + Level 2.6 Spellcasting
 + Level 0.8 Transmutations
 + Level 4.1 Earth Magic


You had 4 spell levels left.
You knew the following spells:

 Your Spells              Type           Power        Failure   Level  Hunger
a - Sandblast             Erth           ##....       9%          1    #......
b - Passwall              Tmut/Erth      #.......     26%         2    ###....

Your spell library contained the following spells:

 Spells                   Type           Power        Failure   Level  Hunger
 Stone Arrow              Conj/Erth      #.....       52%         3    ###....
 Petrify                  Tmut/Erth      #.......     86%         4    #####..
 Lee's Rapid Deconstruct  Erth           ##........   94%         5    ######.


Dungeon Overview and Level Annotations

Branches:
Dungeon (2/15)

Altars:
Vehumet


Innate Abilities, Weirdness & Mutations

You are resistant to torment.
Your stone body is resilient. (AC +3)
You are immune to poison.
You resist negative energy. (rN+)
You are resistant to electric shocks. (rElec)
You can survive without breathing.
You are immune to petrification.
You are immune to rotting.


Message History

Unknown command.
The bat closely misses you. The bat closely misses you.
The dart slug bites you but does no damage.
The bat hits you but does no damage. The bat barely misses you.
The dart slug bites you but does no damage.
The bat barely misses you. x2
Casting: Sandblast (safe; 9% risk of failure)
Confirm with . or Enter, or press ? or * to list all spells.
Aiming: Sandblast (safe; 9% risk of failure)
Press: ? - help, Shift-Dir - straight line, f/p - iguana
Aim: an iguana (almost dead)
The blast of sand hits the bat.
You kill the bat!
b - 15 stones An adder comes into view.
The dart slug launches a dart at you. The slug dart hits you!
You die...

$...§.§.. .. ...
#.§....# #.#......
....#.#####†#.[... #
###....##.......... .
............$..... #.
##..##.........##
#.#####.....###.#.#...
................#.# ##
.......<....####@.#
..........#wlw...##
..........#####..#
........### #.....
........# ..S.###
........# ..##.#
...####... ## .# ...
..... .# ### #..### ..


You could see an iguana, an adder (sleeping) and 2 dart slugs.

Vanquished Creatures
  An adder (D:2)
  A leopard gecko (D:1)
  A ball python (D:2)
  4 bats
  2 giant cockroaches (D:1)
  5 goblins
  2 hobgoblins (D:1)
  A frilled lizard (D:1)
  4 kobolds (D:1)
  2 rats (D:1)
23 creatures vanquished.

Notes
Turn   | Place    | Note
-------+----------+-------------------------------------------
     0 | D:1      | Zebedee the Gargoyle Earth Elementalist began the quest for
                  | the Orb.
     0 | D:1      | Reached XP level 1. HP: 10/10 MP: 3/3
   398 | D:1      | Reached XP level 2. HP: 7/15 MP: 3/5
   548 | D:1      | Learned a level 2 spell: Passwall
   733 | D:1      | Reached skill level 4 in Earth Magic
  1375 | D:2      | Reached XP level 3. HP: 18/19 MP: 6/6
  1383 | D:2      | Found a radiant altar of Vehumet.
  1394 | D:2      | Reached skill level 1 in Armour
  1416 | D:2      | Killed from afar by a dart slug

Skill      XL: |  1  2  3 |
---------------+----------+-----
Earth Magic    | 4 |  4.1
Armour         | 1 |  1.0
Fighting       | |  0.2
Maces & Flails | |  0.8
Dodging        | |  1.5
Stealth        | |  2.1
Spellcasting   | |  2.6
Transmutations | |  0.8

Action                   || total
-------------------------++-------
Melee: Club              ||    91
 Cast: Sandblast         ||    16
  Eat: Chunk             ||     2
Armor: Ring mail         ||    73
Dodge: Dodged            ||    80
